Map: Ruins of Endion

Players

Miszu

  • Race: Protoss Protoss
  • League: Master

Atomic - Winner!

  • Race: Terran Terran

VOD

Have the link to the VOD?

Description

Time

  • Played on: June 20, 2016, 1:54 p.m.
  • Length: 13:56
Show
View Real Time Build Order
Export as new Build Order

Miszu Protoss 

Build Orders: 1 Gate Expand, Blink Stalkers 

Get SALT Encoding   

  12  0:00  Probe (Chrono Boost)  
  13  0:11  Probe (Chrono Boost)  
  14  0:18  Pylon  
  14  0:22  Probe (Chrono Boost)  
  15  0:36  Probe (Chrono Boost)  
  15  0:37  Gateway  
  16  0:47  Probe (Chrono Boost)  
  16  0:48  Assimilator  
  17  0:57  Probe (Chrono Boost)  
  18  1:16  Nexus  
  18  1:19  Probe (Chrono Boost)  
  19  1:30  Cybernetics Core  
  19  1:33  Probe (Chrono Boost)  
  20  1:44  Probe (Chrono Boost)  
  21  1:51  Pylon  
  21  1:55  Probe (Chrono Boost)  
  21  1:57  Assimilator  
  22  2:09  Mothership Core (Chrono Boost)  
  22  2:12  Adept  
  26  2:22  Warp Gate  
  26  2:28  Probe x2 (Chrono Boost)  
  28  2:38  Probe x2 (Chrono Boost)  
  28  2:39  Stalker  
  32  2:49  Probe (Chrono Boost)  
  32  2:50  Probe (Chrono Boost)  
  34  2:59  Probe (Chrono Boost)  
  34  3:01  Probe (Chrono Boost)  
  36  3:09  Twilight Council, Stalker  
  36  3:10  Probe (Chrono Boost)  
  39  3:24  Probe (Chrono Boost)  
  40  3:31  Gateway  
  40  3:33  Gateway  
  40  3:38  Pylon  
  40  3:43  Probe (Chrono Boost)  
  40  3:46  Probe (Chrono Boost)  
  40  3:47  Pylon  
  42  3:49  Blink (Chrono Boost)  
  42  3:51  Stalker (Chrono Boost)  
  42  3:55  Probe  
  45  3:57  Probe  
  46  4:07  Pylon  
  46  4:09  Probe x2  
  48  4:12  Robotics Facility  
  40  4:34  Probe  
  40  4:37  Probe  
  42  4:46  Stalker x2, Probe  
  42  4:49  Probe  
  48  4:58  Probe  
  49  5:00  Observer  
  49  5:01  Probe  
  49  5:03  Assimilator  
  49  5:04  Assimilator  
  49  5:06  Nexus  
  51  5:10  Probe  
  51  5:13  Pylon, Probe  
  53  5:20  Pylon  
  53  5:24  Stalker x3  
  53  5:26  Probe x2  
  61  5:32  Pylon  
  61  5:34  Observer  
  62  5:38  Probe  
  60  6:03  Resonating Glaives (Chrono Boost), Probe x2  
  62  6:14  Assimilator  
  62  6:15  Probe x2  
  62  6:18  Assimilator  
  64  6:23  Forge  
  64  6:24  Forge  
  64  6:27  Pylon, Probe  
  65  6:34  Pylon  
  65  6:38  Immortal (Chrono Boost)  
  69  6:40  Adept x2, Sentry, Probe  
  69  6:43  Probe  
  69  6:46  Probe  
  78  6:50  Probe  
  79  6:55  Probe  
  79  6:56  Protoss Ground Armor Level 1  
  79  6:58  Protoss Ground Weapons Level 1  
  79  6:59  Probe  
  81  7:01  Probe  
  81  7:05  Stalker  
  81  7:07  Probe  
  85  7:14  Adept x2  
  85  7:15  Immortal (Chrono Boost)  
  91  7:28  Photon Cannon  
  91  7:29  Probe  
  92  7:36  Photon Cannon  
  92  7:37  Adept x2  
  92  7:38  Adept  
  98  7:48  Warp Prism (Chrono Boost)  
  98  7:49  Gateway  
  98  7:51  Gateway  
  98  7:57  Charge  
  98  7:59  Pylon x2  
  98  8:03  Gateway  
  98  8:05  Gateway x2  
  98  8:07  Pylon  
  98  8:15  Templar Archives  
  94  8:37  Adept  
  94  8:38  Adept x2  
  99  8:45  Photon Cannon  
  99  8:46  Photon Cannon  
  96  8:59  Psionic Storm  
  96  9:06  Gateway  
  96  9:07  Gateway, Stalker x3  
  96  9:09  Gateway  
  102  9:10  Gateway  
  102  9:11  Adept x2  
  102  9:16  Adept x2  
  110  9:17  Probe  
  110  9:18  Probe  
  110  9:20  Probe  
  110  9:21  High Templar  
  115  9:27  Protoss Ground Armor Level 2 (Chrono Boost)  
  115  9:30  Protoss Ground Weapons Level 2 (Chrono Boost)  
  115  9:39  High Templar x2  
  115  9:45  Immortal  
  123  9:53  High Templar  
  123  9:54  Adept x2  
  123  10:13  Archon  
  107  10:16  Adept x3  
  89  10:24  Adept x2  
  89  10:25  Adept x2  
  89  10:27  Immortal  
  91  10:30  High Templar  
  93  10:38  High Templar  
  93  10:40  Zealot x3  
  93  10:41  Zealot x3  
  107  10:44  Archon  
  107  10:45  Zealot x4  
  83  11:08  Stalker x4  
  83  11:09  Stalker  
  89  11:12  Immortal  
  93  11:31  High Templar x3  
  99  11:41  Nexus  
  99  11:51  Immortal  
  103  12:00  Stalker x4, Pylon  
  111  12:03  Adept x2  
  115  12:12  Mothership Core  
  117  12:21  Zealot x3  
  117  12:22  Zealot x3  
  129  12:33  Observer  
  130  12:38  High Templar, Zealot  
  134  12:52  Zealot  
  134  12:54  Warp Prism  
  142  13:04  High Templar  
  142  13:05  High Templar  
  142  13:06  Zealot x4  
  142  13:07  Zealot  
  142  13:10  Archon  
  152  13:14  Pylon  
  110  13:39  Zealot x3  
  110  13:40  High Templar x3, Zealot x2  
  110  13:41  Zealot x3  
  94  13:44  Archon  
Show
View Real Time Build Order
Export as new Build Order

Atomic Terran - Winner!

Build Orders: 1/1/1, MMM Bio 

Get SALT Encoding   

  12  0:03  SCV  
  13  0:15  SCV  
  13  0:18  Supply Depot  
  14  0:27  SCV  
  15  0:30  Refinery  
  15  0:40  SCV  
  16  0:48  Barracks  
  16  0:53  SCV  
  17  1:05  SCV  
  18  1:18  SCV  
  19  1:34  Marine, Orbital Command  
  19  1:36  Factory  
  20  1:47  Supply Depot  
  20  1:54  Barracks Reactor  
  20  2:00  SCV  
  21  2:12  SCV  
  22  2:20  Hellion  
  24  2:26  SCV  
  24  2:28  Starport  
  25  2:32  Marine x2  
  25  2:34  Supply Depot  
  27  2:38  SCV  
  27  2:42  Hellion  
  30  2:50  SCV  
  31  2:56  Marine x2  
  33  3:03  Hellion  
  33  3:04  Supply Depot  
  35  3:06  Medivac  
  35  3:10  SCV  
  38  3:21  Marine x2  
  38  3:22  SCV  
  39  3:28  Supply Depot  
  39  3:30  Hellion  
  41  3:46  Command Center  
  41  3:51  SCV  
  42  3:58  Medivac  
  44  4:04  Barracks Tech Lab  
  44  4:05  Engineering Bay, Refinery, Barracks  
  44  4:06  SCV  
  45  4:18  SCV  
  43  4:31  SCV  
  39  4:35  Marine  
  39  4:36  Stimpack, Widow Mine  
  41  4:43  SCV  
  36  4:52  Marine x2  
  37  4:53  Marine  
  37  4:55  SCV  
  37  4:59  Orbital Command  
  40  5:00  Medivac  
  42  5:07  SCV  
  42  5:09  Barracks  
  42  5:10  Marine x2, Widow Mine  
  42  5:11  Marine  
  48  5:19  SCV  
  48  5:20  Bunker  
  49  5:28  Marine x2, SCV  
  51  5:29  Marauder  
  51  5:31  Starport Reactor, SCV  
  55  5:40  SCV  
  56  5:43  SCV  
  56  5:47  Marine x2  
  59  5:50  Marauder  
  59  5:52  SCV  
  59  5:55  Marine, SCV  
  60  6:04  SCV  
  60  6:07  Marine x2, SCV  
  60  6:08  Medivac x2  
  68  6:11  Supply Depot  
  68  6:12  Supply Depot, Marauder  
  70  6:27  SCV x2  
  69  6:35  Refinery x2  
  69  6:39  SCV x2  
  71  6:40  Combat Shields  
  71  6:41  Barracks Tech Lab, Barracks  
  71  6:42  Barracks  
  71  6:44  Terran Infantry Weapons Level 1  
  71  6:47  Command Center  
  71  6:52  SCV x2  
  71  6:53  Marine x3, Widow Mine  
  80  7:01  Marauder  
  80  7:04  SCV x2  
  80  7:05  Supply Depot  
  80  7:07  Supply Depot  
  82  7:10  Medivac  
  82  7:11  Marine x2  
  86  7:26  Marine x2, Medivac, SCV  
  86  7:27  SCV  
  86  7:28  Factory Tech Lab  
  92  7:30  Barracks Reactor, Marine, Barracks Tech Lab  
  92  7:31  Marine  
  92  7:36  Supply Depot  
  92  7:37  Supply Depot  
  94  7:39  SCV x2  
  96  7:44  Marine  
  96  7:45  Marauder  
  96  7:51  SCV x2  
  101  7:57  Marine x2  
  101  7:58  Medivac x2, Marauder  
  109  8:02  Marauder  
  109  8:03  SCV x2  
  109  8:05  Orbital Command  
  113  8:12  Marine  
  115  8:13  Marauder  
  115  8:15  SCV  
  115  8:16  Concussive Shells  
  115  8:18  SCV  
  118  8:20  Refinery  
  118  8:22  Refinery  
  106  8:46  Marine, Marauder  
  107  8:49  SCV x2  
  107  8:50  Liberator x2  
  107  8:53  Terran Infantry Armor Level 1  
  107  8:58  Marine x2, Marauder x2  
  107  9:00  SCV  
  107  9:01  SCV  
  107  9:02  Supply Depot  
  115  9:04  Supply Depot  
  115  9:07  Marine  
  115  9:08  Marauder  
  124  9:10  Ghost Academy  
  124  9:13  SCV x2  
  124  9:17  Marine x2  
  126  9:19  Marauder  
  126  9:20  Marauder  
  132  9:27  Missile Turret  
  134  9:31  Missile Turret  
  134  9:32  Liberator x2  
  134  9:34  Engineering Bay, Missile Turret  
  134  9:35  Armory  
  134  9:36  Marine  
  134  9:37  Marine x3  
  138  9:45  Ghost x3  
  140  9:48  Supply Depot x2  
  148  9:58  Marine  
  149  10:02  Marine  
  149  10:03  Marine  
  140  10:16  Marine  
  140  10:17  Marine x2, Marauder x2  
  136  10:32  Medivac x2  
  140  10:39  Orbital Command  
  140  10:46  Refinery  
  140  10:47  Terran Infantry Weapons Level 2  
  140  10:50  Terran Infantry Armor Level 2, Terran Ship Weapons Level 1  
  140  10:52  Refinery, Liberator x2  
  113  11:08  Marine x2, Marauder x3  
  113  11:11  Marine x2  
  127  11:19  Supply Depot  
  127  11:20  Supply Depot, Barracks  
  127  11:21  SCV  
  127  11:22  Barracks x2, SCV x2  
  130  11:25  Marine  
  130  11:28  Missile Turret  
  130  11:29  Marauder  
  130  11:32  Marine x3, Marauder x2  
  139  11:33  Missile Turret  
  139  11:37  Liberator x2  
  140  11:43  Supply Depot, Marine  
  140  11:45  Supply Depot  
  141  11:51  Supply Depot, Marauder  
  141  11:52  Marine x2  
  141  11:53  Marauder  
  141  11:54  Marauder  
  149  11:58  Starport, Fusion Core  
  155  12:10  Barracks Reactor, Barracks Tech Lab x2  
  155  12:21  Marauder, Ghost x2  
  155  12:22  Marine x3  
  161  12:28  Liberator x2  
  161  12:29  Command Center  
  161  12:35  Starport Tech Lab  
  161  12:37  Marauder x2  
  161  12:41  Command Center  
  161  12:43  Marine x2, Marauder  
  169  12:50  Ghost x2  
  179  12:52  Marine  
  179  12:53  Marine x3  
  183  12:59  Marauder x2  
  183  13:01  Marine x2  
  189  13:21  Marine, Ghost x2  
  189  13:22  Marine, Marauder x2  
  199  13:33  Marine  
  177  13:50  Command Center  
Tags
 
Add a new tag
Caveats
  • Supply blocks, unpowered buildings, or Contaminate may cause inaccurate times.
  • Supply counts are checked every 10 seconds.